 Dungeon Crawl Stone Soup version 0.28.0-53-g5a82cb258f (webtiles) character file.

Game seed: 10014069206655737273

82 SanguineChosen the Chopper (level 4, -7/41 HPs)
             Began as a Hill Orc Cinder Acolyte on June 21, 2022.
             Was a High Priest of Ignis.
             Mangled by a gnoll
             ... wielding a +0 flail
              (11 damage)
             ... on level 3 of the Dungeon.
             The game lasted 00:11:37 (3292 turns).

SanguineChosen the Chopper (HOCA)                   Turns: 3292, Time: 00:11:37

Health: -7/41      AC:  2    Str: 18    XL:     4   Next: 43%
Magic:  5/5        EV: 11    Int: 14    God:    Ignis [*****.]
Gold:   68         SH:  0    Dex:  6    Spells: 3/5 levels left

rFire   + . .      SeeInvis .   j - +2 trident (venom)
rCold   . . .      Faith    .   (no shield)
rNeg    . . .      Spirit   .   b - +0 robe
rPois   .          Reflect  .   (no helmet)
rElec   .          Harm     .   (no cloak)
rCorr   .          Rampage  .   (no gloves)
Will    .....                   (no boots)
Stlth   +.........              (no amulet)
HPRegen 0.13/turn               (no ring)
MPRegen 0.09/turn               (no ring)

@: no status effects
A: no striking features
a: Renounce Religion, Fiery Armour, Foxfire Swarm, Rising Flame


You were on level 3 of the Dungeon.
You worshipped Ignis.
Ignis was extremely pleased with you.
You visited 1 branch of the dungeon, and saw 3 of its levels.

You collected 68 gold pieces.

Inventory:

Hand Weapons
 a - a -1 hand axe of flaming
 g - a +2 mace of holy wrath
 j - a +2 trident of venom (weapon)
Armour
 b - a +0 robe (worn)
Jewellery
 i - a ring of resist corrosion
Scrolls
 c - 3 scrolls of enchant weapon {unknown}
 d - 3 scrolls of identify {unknown}
 e - 4 scrolls of fear {unknown}
 k - a scroll of vulnerability {unknown}
 l - a scroll of immolation {unknown}
Potions
 h - a potion of invisibility {unknown}


   Skills:
 + Level 4.4 Fighting
 + Level 4.7 Axes
 + Level 0.6(2.4) Maces & Flails
 + Level 0.5 Dodging
 + Level 0.4 Stealth
 + Level 1.2 Spellcasting
 + Level 4.0 Fire Magic


You had 3 spell levels left.
You knew the following spells:

 Your Spells              Type           Power      Damage    Failure   Level
a - Scorch                Fire           24%        2d6       8%          2

Your spell library contained the following spells:

 Spells                   Type           Power      Damage    Failure   Level


Dungeon Overview and Level Annotations

Branches:
Dungeon (3/15)

Altars:
Uskayaw


Message History

A gnoll comes into view.
It is wielding a +1 whip of electrocution.
The gnoll hits you from afar with a +0 spear.
You don't have enough magic to cast this spell.
A gnoll comes into view. It is wielding a +0 flail.
The gnoll shouts!
You hear a shout!
A gnoll comes into view. It is wielding a +0 flail.
The gnoll hits you with a +0 spear. The gnoll closely misses you.
The gnoll moves out of view.
The gnoll closely misses you.
You hit the gnoll.
The gnoll is poisoned.
The gnoll is lightly wounded.
The gnoll hits you but does no damage.
The gnoll hits you from afar with a +0 spear.
You hit the gnoll.
The gnoll looks even sicker.
The gnoll is moderately wounded.
The gnoll hits you with a +1 whip of electrocution.
The gnoll hits you from afar with a +0 spear.
You hit the gnoll.
You kill the gnoll!
The gnoll hits you from afar with a +0 spear.
* * * LOW HITPOINT WARNING * * *
Your Fire Magic skill increases to level 4!
It was a potion of ambrosia.
You are confused.
You feel invigorated. The gnoll closely misses you.
The gnoll completely misses you.
You barely miss the gnoll. The gnoll closely misses you.
The gnoll hits you with a +0 flail!
* * * LOW HITPOINT WARNING * * *
You bump into the rock wall.
You feel less invigorated.
You feel less confused.
The gnoll hits you from afar with a +0 spear.
* * * LOW HITPOINT WARNING * * *
The gnoll closely misses you.
You hit the gnoll.
The gnoll is poisoned.
The gnoll is heavily wounded.
The gnoll hits you from afar with a +0 spear.
* * * LOW HITPOINT WARNING * * *
The gnoll hits you with a +0 flail!
You die...

### ###### #.. #....####
#..
###.#######.......#####..
......gg@................
.....#g####.......#####..
... #. ######### #.. . #.
#.. #g #.. .. #.. .. #..
.. ###


You could see 3 gnolls.

Vanquished Creatures
  3 adders
  A gnoll (D:3)
  2 worms
  An orc (D:3)
  4 ball pythons
  4 endoplasms
  A giant cockroach (D:2)
  3 goblins
  5 hobgoblins
  3 jackals (D:2)
  A frilled lizard (D:1)
  5 kobolds
  3 rats
36 creatures vanquished.

Notes
Turn   | Place    | Note
-------+----------+-------------------------------------------
     0 | D:1      | SanguineChosen the Hill Orc Cinder Acolyte began the quest
                  | for the Orb.
     0 | D:1      | Reached XP level 1. HP: 19/19 MP: 2/2
   534 | D:1      | Found a faded altar of an unknown god.
   540 | D:1      | Reached XP level 2. HP: 27/27 MP: 3/3
   543 | D:1      | Learned a level 2 spell: Scorch
  1490 | D:1      | Reached XP level 3. HP: 2/33 MP: 1/4
  2156 | D:2      | Reached XP level 4. HP: 41/41 MP: 2/5
  2432 | D:2      | Found a hide-covered altar of Uskayaw.
  3292 | D:3      | Mangled by a gnoll

Illustrated notes

Levels and vault maps discovered:
D:1:      dpeg_arrival_arbitrary_a, layout_loops_corners,
          chequers_ecumenical_altar_simple_redux
D:2:      layout_loops_cross, basic_altar
D:3:      layout_basic, amethyst_overflow_temple_binary, serial_shops, shop

Skill      XL: |  1  2  3  4 |
---------------+-------------+-----
Fighting       | 4 |  4.4
Fire Magic     | 4 |  4.0
Axes           | |  4.7
Maces & Flails | |  0.6
Dodging        | |  0.5
Stealth        | |  0.4
Spellcasting   | |  1.2

Action                   |  1- 3 |  4- 6 || total
-------------------------+-------+-------++-------
Melee: Hand axe          |    24 |       ||    24
       Mace              |    14 |    13 ||    27
       Trident           |       |     9 ||     9
 Cast: Scorch            |    10 |    10 ||    20
  Use: Potion            |     1 |     1 ||     2
Armor: Robe              |     6 |     5 ||    11
Dodge: Dodged            |    36 |    19 ||    55
